AAA
RICHMOND RAMS @ TUCSON TOROS
04/16/2060
 
TOP OF THE 1ST
Winston-Salem Warthogs batting - Pitching for Flagstaff Flyers : RHP Raymond Barker
Pitching: RHP Raymond Barker
Batting: RHB Bryson Brinn 0-0: Ball
1-0: Foul Ball, location: 2F
1-1: Foul Ball, location: 2F
1-2: Strikes out swinging
Batting: RHB Johnathan Shillito 0-0: Called Strike
0-1: Fly out, F8 (Flyball, 8RD, EV 100.6 MPH)
Batting: LHB Lewis O'Connor 0-0: Called Strike
0-1: Fly out, F9 (Flyball, 9D, EV 105.6 MPH)
Top of the 1st over - 0 runs, 0 hits, 0 errors, 0 left on base; Winston-Salem 0 - Flagstaff 0
BOTTOM OF THE 1ST
Flagstaff Flyers batting - Pitching for Winston-Salem Warthogs : RHP Clinton Cowan
Pitching: RHP Clinton Cowan
Batting: LHB Jayden Sigmon 0-0: Ground out 4-3 (Groundball, 4S, EV 90.6 MPH)
Batting: RHB Dalton Banks 0-0: Called Strike
0-1: Called Strike
0-2: Hit by Pitch
Batting: SHB Josiah Swallow 0-0: Ball
1-0: Foul Ball, location: 2F
1-1: Grounds out, U3 (Groundball, 3L, EV 103.1 MPH)
Batting: SHB Joel Elvidge 0-0: Ball
1-0: Foul Ball, location: 2F
1-1: Fly out, F7 (Flyball, 7D, EV 105.0 MPH)
Bottom of the 1st over - 0 runs, 0 hits, 0 errors, 1 left on base; Winston-Salem 0 - Flagstaff 0
TOP OF THE 2ND
Winston-Salem Warthogs batting - Pitching for Flagstaff Flyers : RHP Raymond Barker
Batting: RHB Kyle Patri 0-0: Foul Ball, location: 2F
0-1: Ball
1-1: Ball
2-1: Foul Ball, location: 2F
2-2: SINGLE (Line Drive, 7S, EV 93.8 MPH)
Batting: RHB Devon Abrams 0-0: Ball
1-0: Ball
2-0: Foul Ball, location: 2F
2-1: Foul Ball, location: 2F
2-2: Grounds into double play, 6-4-3 (Groundball, 6, EV 86.2 MPH)
Batting: RHB Allen Stoll 0-0: Called Strike
0-1: Ground out 4-3 (Groundball, 4, EV 102.5 MPH)
Top of the 2nd over - 0 runs, 1 hit, 0 errors, 0 left on base; Winston-Salem 0 - Flagstaff 0
BOTTOM OF THE 2ND
Flagstaff Flyers batting - Pitching for Winston-Salem Warthogs : RHP Clinton Cowan
Batting: LHB Shawn Tuttle 0-0: Called Strike
0-1: Ball
1-1: Ball
2-1: Ball
3-1: Base on Balls
Batting: LHB Preston Hardcastle 0-0: Ball
Shawn Tuttle steals 2nd base
1-0: Ball
2-0: Called Strike
2-1: Called Strike
2-2: Ball
3-2: Foul Ball, location: 2F
3-2: SINGLE (Groundball, 4MD, EV 103.8 MPH)
Shawn Tuttle to third
Batting: LHB Will Harper 0-0: Ball
1-0: Ball
2-0: Called Strike
2-1: Ball
3-1: Base on Balls
Preston Hardcastle to second
Batting: RHB Micah Elliott 0-0: Ball
1-0: Ball
2-0: Ball
3-0: Base on Balls
Shawn Tuttle scores
Preston Hardcastle to third
Will Harper to second
Batting: RHB Scott McDonald 0-0: Ball
1-0: Foul Ball, location: 2F
1-1: Foul Ball, location: 2F
1-2: DOUBLE (Line Drive, 7LS, EV 99.4 MPH)
Preston Hardcastle scores
Will Harper scores
Micah Elliott to third
Batting: LHB Jayden Sigmon 0-0: Ball
1-0: Ball
2-0: Called Strike
2-1: Foul Ball, location: 2F
2-2: Ground out 4-3 (Groundball, 34, EV 105.0 MPH)
Micah Elliott scores
Scott McDonald to third
Batting: RHB Dalton Banks 0-0: Foul Ball, location: 2F
0-1: Called Strike
0-2: Ball
1-2: Ball
2-2: Ball
3-2: Foul Ball, location: 2F
3-2: Strikes out swinging
Batting: SHB Josiah Swallow 0-0: Ball
1-0: Ball
2-0: Ball
3-0: Called Strike
3-1: Base on Balls
Batting: SHB Joel Elvidge 0-0: Called Strike
0-1: Called Strike
Josiah Swallow steals 2nd base
0-2: Ground out 4-3 (Groundball, 4, EV 93.1 MPH)
Bottom of the 2nd over - 4 runs, 2 hits, 0 errors, 2 left on base; Winston-Salem 0 - Flagstaff 4
TOP OF THE 3RD
Winston-Salem Warthogs batting - Pitching for Flagstaff Flyers : RHP Raymond Barker
Batting: RHB Wyatt Henderson 0-0: Foul Ball, location: 2F
0-1: Foul Ball, location: 2F
0-2: Ball
1-2: Strikes out swinging
Batting: RHB Todd Abarca 0-0: Ball
1-0: Ball
2-0: Foul Ball, location: 2F
2-1: Foul Ball, location: 2F
2-2: Strikes out swinging
Batting: LHB Sean Castelli 0-0: Ball
1-0: Ball
2-0: SOLO HOME RUN (Flyball, 9D, EV 101.2 MPH), Distance : 374 ft
Batting: RHB Bryson Brinn 0-0: Foul Ball, location: 2F
0-1: Swinging Strike
0-2: Strikes out swinging
Top of the 3rd over - 1 run, 1 hit, 0 errors, 0 left on base; Winston-Salem 1 - Flagstaff 4
BOTTOM OF THE 3RD
Flagstaff Flyers batting - Pitching for Winston-Salem Warthogs : RHP Clinton Cowan
Batting: LHB Shawn Tuttle 0-0: Ball
1-0: Foul Ball, location: 2F
1-1: Called Strike
1-2: Ball
2-2: Foul Ball, location: 2F
2-2: Strikes out looking
Batting: LHB Preston Hardcastle 0-0: Called Strike
0-1: Ball
1-1: Ball
2-1: Foul Ball, location: 2F
2-2: Strikes out swinging
Batting: LHB Will Harper 0-0: Foul Ball, location: 2F
0-1: Called Strike
0-2: Ball
1-2: Foul Ball, location: 2F
1-2: Fly out, F9 (Line Drive, 9, EV 92.5 MPH)
Bottom of the 3rd over - 0 runs, 0 hits, 0 errors, 0 left on base; Winston-Salem 1 - Flagstaff 4
TOP OF THE 4TH
Winston-Salem Warthogs batting - Pitching for Flagstaff Flyers : RHP Raymond Barker
Batting: RHB Johnathan Shillito 0-0: Fly out, F6 (Popup, 6MD, EV 45.6 MPH)
Batting: LHB Lewis O'Connor 0-0: Ball
1-0: Fly out, F7 (Line Drive, 7, EV 95.6 MPH)
Batting: RHB Kyle Patri 0-0: Ground out 5-3 (Groundball, 56, EV 82.5 MPH)
Top of the 4th over - 0 runs, 0 hits, 0 errors, 0 left on base; Winston-Salem 1 - Flagstaff 4
BOTTOM OF THE 4TH
Flagstaff Flyers batting - Pitching for Winston-Salem Warthogs : RHP Clinton Cowan
Batting: RHB Micah Elliott 0-0: Called Strike
0-1: Ground out 6-3 (Groundball, 6, EV 89.4 MPH)
Batting: RHB Scott McDonald 0-0: Foul Ball, location: 2F
0-1: Foul Ball, location: 2F
0-2: Ball
1-2: Hit by Pitch
Batting: LHB Jayden Sigmon 0-0: Foul Ball, location: 2F
0-1: Ball
1-1: Foul Ball, location: 2F
1-2: Strikes out swinging
Batting: RHB Dalton Banks 0-0: Called Strike
0-1: Called Strike
0-2: Ball
1-2: Strikes out swinging
Bottom of the 4th over - 0 runs, 0 hits, 0 errors, 1 left on base; Winston-Salem 1 - Flagstaff 4
TOP OF THE 5TH
Winston-Salem Warthogs batting - Pitching for Flagstaff Flyers : RHP Raymond Barker
Batting: RHB Devon Abrams 0-0: Ground out 6-3 (Groundball, 6, EV 88.1 MPH)
Batting: RHB Allen Stoll 0-0: Ball
1-0: Ball
2-0: SINGLE (Groundball, 34D, EV 103.1 MPH)
Batting: RHB Wyatt Henderson 0-0: Ball
1-0: Ball
2-0: Ball
3-0: Base on Balls
Allen Stoll to second
Batting: RHB Todd Abarca 0-0: Ball
1-0: Ball
2-0: Swinging Strike
2-1: Fly out, F8 (Flyball, 8RM, EV 86.2 MPH)
Batting: LHB Sean Castelli 0-0: Called Strike
0-1: Foul Ball, location: 2F
0-2: Ball
1-2: Strikes out looking
Top of the 5th over - 0 runs, 1 hit, 0 errors, 2 left on base; Winston-Salem 1 - Flagstaff 4
BOTTOM OF THE 5TH
Flagstaff Flyers batting - Pitching for Winston-Salem Warthogs : RHP Clinton Cowan
Batting: SHB Josiah Swallow 0-0: Called Strike
0-1: Ball
1-1: SINGLE (Line Drive, 4D, EV 95.0 MPH)
Batting: SHB Joel Elvidge 0-0: Ball
1-0: Foul Ball, location: 2F
1-1: Fly out, F9 (Line Drive, 9S, EV 94.4 MPH)
Batting: LHB Shawn Tuttle 0-0: Ball
1-0: Called Strike
1-1: Swinging Strike
1-2: Strikes out swinging
Batting: LHB Preston Hardcastle 0-0: Ball
1-0: Foul Ball, location: 2F
1-1: SINGLE (Flyball, 7S, EV 89.4 MPH)
Josiah Swallow to second
Batting: LHB Will Harper 0-0: Swinging Strike
0-1: Ball
1-1: Foul Ball, location: 2F
1-2: DOUBLE (Flyball, 8LXD, EV 105.6 MPH)
Josiah Swallow scores
Preston Hardcastle to third
Runner from 3rd tries for Home, SAFE, no throw by CF
Pitching: RHP Branden Brant
Batting: RHB Micah Elliott 0-0: Foul Ball, location: 2F
0-1: Called Strike
0-2: Ball
1-2: Ball
2-2: Ground out 4-3 (Groundball, 4, EV 103.8 MPH)
Bottom of the 5th over - 2 runs, 3 hits, 0 errors, 1 left on base; Winston-Salem 1 - Flagstaff 6
TOP OF THE 6TH
Winston-Salem Warthogs batting - Pitching for Flagstaff Flyers : RHP Raymond Barker
Batting: RHB Bryson Brinn 0-0: Ball
1-0: Called Strike
1-1: Ball
2-1: Foul Ball, location: 2F
2-2: Ball
3-2: Ground out 6-3 (Groundball, 56D, EV 79.4 MPH)
Batting: RHB Johnathan Shillito 0-0: Ball
1-0: Ball
2-0: DOUBLE (Line Drive, 89M, EV 93.1 MPH)
Batting: LHB Lewis O'Connor 0-0: Ball
1-0: Called Strike
1-1: Foul Ball, location: 2F
1-2: Ball
2-2: Strikes out swinging
Batting: RHB Kyle Patri 0-0: Ground out 6-3 (Groundball, 6, EV 95.0 MPH)
Top of the 6th over - 0 runs, 1 hit, 0 errors, 1 left on base; Winston-Salem 1 - Flagstaff 6
BOTTOM OF THE 6TH
Flagstaff Flyers batting - Pitching for Winston-Salem Warthogs : RHP Branden Brant
Batting: RHB Scott McDonald 0-0: Foul Ball, location: 2F
0-1: Ball
1-1: Called Strike
1-2: Ball
2-2: Ball
3-2: Foul Ball, location: 2F
3-2: Foul Ball, location: 2F
3-2: Foul Ball, location: 2F
3-2: Base on Balls
Batting: LHB Jayden Sigmon 0-0: Fly out, F9 (Line Drive, 89M, EV 92.5 MPH)
Batting: RHB Dalton Banks 0-0: Fly out, F8 (Flyball, 89D, EV 105.0 MPH)
Batting: SHB Josiah Swallow 0-0: Ball
1-0: Called Strike
1-1: Ball
2-1: Swinging Strike
2-2: Ball
3-2: Strikes out swinging
Bottom of the 6th over - 0 runs, 0 hits, 0 errors, 1 left on base; Winston-Salem 1 - Flagstaff 6
TOP OF THE 7TH
Winston-Salem Warthogs batting - Pitching for Flagstaff Flyers : RHP Raymond Barker
Batting: RHB Devon Abrams 0-0: Swinging Strike
0-1: SINGLE (Line Drive, 4D, EV 95.0 MPH)
Batting: RHB Allen Stoll 0-0: Swinging Strike
Devon Abrams is caught stealing 2nd base 2-4
0-1: DOUBLE (Line Drive, 9LM, EV 111.2 MPH)
Batting: RHB Wyatt Henderson 0-0: Ball
1-0: Ball
2-0: Ground out 5-3 (Groundball, 56S, EV 83.8 MPH)
Batting: RHB Todd Abarca 0-0: Ball
1-0: Called Strike
1-1: Ground out 3-1 (Groundball, 34, EV 85.6 MPH)
Top of the 7th over - 0 runs, 2 hits, 0 errors, 1 left on base; Winston-Salem 1 - Flagstaff 6
BOTTOM OF THE 7TH
Flagstaff Flyers batting - Pitching for Winston-Salem Warthogs : RHP Branden Brant
Batting: SHB Joel Elvidge 0-0: Ball
1-0: Foul Ball, location: 2F
1-1: Ball
2-1: Foul Ball, location: 2F
2-2: Strikes out looking
Batting: LHB Shawn Tuttle 0-0: Ball
1-0: SINGLE (Groundball, 4M, EV 109.4 MPH) (infield hit)
Batting: LHB Preston Hardcastle 0-0: Called Strike
0-1: Ball
Shawn Tuttle is caught stealing 2nd base 2-6
1-1: Ball
2-1: Ball
3-1: Called Strike
3-2: Foul Ball, location: 2F
3-2: Base on Balls
Batting: LHB Will Harper 0-0: Ball
1-0: Fielders Choice at 2nd, 5-4 (Groundball, 56, EV 81.9 MPH)
Bottom of the 7th over - 0 runs, 1 hit, 0 errors, 1 left on base; Winston-Salem 1 - Flagstaff 6
TOP OF THE 8TH
Winston-Salem Warthogs batting - Pitching for Flagstaff Flyers : RHP Raymond Barker
Batting: LHB Sean Castelli 0-0: Foul Ball, location: 2F
0-1: Ball
1-1: Swinging Strike
1-2: Ball
2-2: Fly out, F9 (Flyball, 89M, EV 95.0 MPH)
Batting: RHB Bryson Brinn 0-0: Ground out 5-3 (Groundball, 56, EV 80.6 MPH)
Batting: RHB Johnathan Shillito 0-0: Called Strike
0-1: Fly out, F8 (Line Drive, 78M, EV 91.2 MPH)
Top of the 8th over - 0 runs, 0 hits, 0 errors, 0 left on base; Winston-Salem 1 - Flagstaff 6
BOTTOM OF THE 8TH
Flagstaff Flyers batting - Pitching for Winston-Salem Warthogs : RHP Branden Brant
Batting: RHB Micah Elliott 0-0: Fly out, F9 (Flyball, 89M, EV 88.1 MPH)
Batting: RHB Scott McDonald 0-0: Called Strike
0-1: Swinging Strike
0-2: Strikes out looking
Batting: LHB Jayden Sigmon 0-0: Ball
1-0: Fly out, F3 (Popup, 3SF, EV 71.9 MPH)
Bottom of the 8th over - 0 runs, 0 hits, 0 errors, 0 left on base; Winston-Salem 1 - Flagstaff 6
TOP OF THE 9TH
Winston-Salem Warthogs batting - Pitching for Flagstaff Flyers : RHP Raymond Barker
Batting: LHB Lewis O'Connor 0-0: Called Strike
0-1: Ball
1-1: Ball
2-1: Foul Ball, location: 2F
2-2: Ground out U3 (Groundball, 34, EV 86.9 MPH)
Pitching: RHP Bryan Naum
Batting: RHB Kyle Patri 0-0: Ball
1-0: Ground out 6-3 (Groundball, 6, EV 93.1 MPH)
Batting: RHB Devon Abrams 0-0: Ball
1-0: Foul Ball, location: 2F
1-1: Ground out 6-3 (Groundball, 6, EV 90.0 MPH)
Top of the 9th over - 0 runs, 0 hits, 0 errors, 0 left on base; Winston-Salem 1 - Flagstaff 6
Saturday, April 27th , 2024 - OOTP Baseball 23.10 Build 110